[Event "Late-Titled-Tuesday-Blitz-February-27-2024"]
[Site "Chess.com"]
[Date "2024.02.27"]
[Round "5"]
[White "Carlitus2004"]
[Black "shirovin"]
[Result "1/2-1/2"]
[WhiteElo "2375"]
[BlackElo "2074"]
[TimeControl "180+1"]
[EndTime "14:55:25 PST"]
[Termination "Game drawn - timeout vs insufficient material"]

1. d4 Nf6 2. Nf3 g6 3. g3 Bg7 4.
Bg2 d5 5. O-O O-O 6. b3 a5 7. a4 Na6 8. Bb2 Bf5 9. Nbd2 Nb4 10.
Ne1 Rc8 11. Nd3 Ne4 12. Nxb4 axb4 13. Nxe4 dxe4 14. e3 c5 15. Qd2 cxd4 16. Bxd4 Bxd4 17. exd4 Qd6 18. Rfe1 Rc3 19. Re3 Rfc8 20. Rxc3 Rxc3 21.
Re1 e3 22. Rxe3 Rxc2 23. Qe1 Qxd4 24. Rxe7 Qc3 25. Qxc3 bxc3 26. g4 Rc1+ 27. Bf1 Bd3 28. Rxb7 Rxf1+ 29. Kg2 c2 30. Rc7 c1=Q 31. Rxc1 Rxc1 32.
Kf3 Rb1 33. Ke3 Rxb3 34. Kd4 Bc2 35. Kc4 Bd1 36. a5 Rb8 37. Kc5 Kg7 38. a6 Be2 39. a7 Ra8 40. Kb6 Rxa7 41. Kxa7 Bxg4 42. Kb6 f5 43. Kc5 Kf6 44. Kd4 Kg5 45. Ke3 Kh4 46. Kf4 Kh3 47. Kg5 Kxh2 48. Kh6 Kg2 49. Kxh7 Kxf2 50. Kxg6 f4 51. Kg5 f3 52. Kf4 Kg2 53. Kg5 f2 54. Kh4 f1=Q 55. Kg5 Qf5+ 56. Kh6 Qh5+ 57. Kg7 Be2 58. Kf6 Kf3 59. Ke7 Qg6 60.
Kd7 Ke4 61. Kc7 Kd5 62. Kb7 1/2-1/2

[Event "Late-Titled-Tuesday-Blitz-February-27-2024"]
[Site "Chess.com"]
[Date "2024.02.27"]
[Round "5"]
[White "GotCheeseCheckers"]
[Black "chessdjw"]
[Result "0-1"]
[WhiteElo "2554"]
[BlackElo "2763"]
[TimeControl "180+1"]
[EndTime "14:55:27 PST"]
[Termination "chessdjw won by resignation"]

1. e4 e5 2. Nf3 Nc6 3. Bc4 Bc5 4. O-O Nf6 5. d3 d6 6. a4 a5 7. c3 h6 8. h3 O-O 9. Be3 Bxe3 10. fxe3 Ne7 11. Nbd2 Ng6 12. Ba2 c6 13. Qe2 Qe7 14.
Rf2 Be6 15. Bxe6 Qxe6 16. c4 Rfe8 17. Ra3 Rad8 18. Rb3 Rd7 19. Qe1 Rde7 20. Rb6 Ra8 21. d4 exd4 22. exd4 Nxe4 23. Nxe4 Qxe4 24. Qxe4 Rxe4 25.
Rxb7 Nf4 26. Rb6 Rc8 27. Rd2 g5 28. Ra6 Kg7 29. Rxa5 Rce8 30. Ra6 Re2 31. Rxe2 Rxe2 32. Rxc6 Rxg2+ 33. Kf1 Rxb2 34. Rxd6 Rb3 35. Kf2 Nxh3+ 36. Kg2 Nf4+ 37. Kf2 g4 38. Ne1 g3+ 39. Kf1 Rb1 0-1

[Event "Late-Titled-Tuesday-Blitz-February-27-2024"]
[Site "Chess.com"]
[Date "2024.02.27"]
[Round "5"]
[White "Cristi_Coca"]
[Black "cristianserban1"]
[Result "0-1"]
[WhiteElo "2373"]
[BlackElo "2497"]
[TimeControl "180+1"]
[EndTime "14:55:27 PST"]
[Termination "cristianserban1 won by resignation"]

1. e4 Nc6 2. d4 d5 3. e5 Bf5 4. c3 a5 5. Bb5 e6 6. h4 h6 7. g4 Be4 8. f3 Bg6 9. h5 Bh7 10. Be3 Ne7 11. Nd2 Nc8 12. Ne2 Na7 13.
a4 Be7 14. Ng3 Qd7 15. Be2 f6 16. f4 fxe5 17. dxe5 b6 18. Nf3 Bc5 19. Qd2 O-O-O 20. Bxc5 bxc5 21. Bb5 Qf7 22. Qe3 Rhf8 23. Qxc5 Qxf4 24.
Bxc6 Qxg3+ 25. Kd2 Qg2+ 26. Ke1 Qxh1+ 27. Ng1 Nxc6 28.
Qxc6 Qxg1+ 0-1

[Event "Late-Titled-Tuesday-Blitz-February-27-2024"]
[Site "Chess.com"]
[Date "2024.02.27"]
[Round "5"]
[White "mishanick"]
[Black "OPQRC"]
[Result "1-0"]
[WhiteElo "3055"]
[BlackElo "2524"]
[TimeControl "180+1"]
[EndTime "14:55:28 PST"]
[Termination "mishanick won by resignation"]

1. d4 Nf6 2. Bg5 c5 3. d5 g6 4. Nc3 Bg7 5. e4 d6 6. Bd3 O-O 7. Nge2 h6 8. Bc1 e6 9. O-O exd5 10. exd5 Nbd7 11. Bf4 Ne5 12. Ng3 Nfg4 13. Be2 Qh4 14. h3 g5 15. Bxe5 Nxe5 16. Nge4 f5 17. Nxd6 g4 18.
Nxc8 Raxc8 19. d6 gxh3 20. Qd5+ Kh8 21. g3 Qg5 22. Kh1 f4 23. Ne4 Qg6 24. Rg1 Ng4 25. Bxg4 Qxg4 26. Rae1 h2 27. Rg2 Qf3 28. gxf4 Rg8 29.
Re3 Qxf4 30. Reg3 Rce8 31. d7 Rxe4 32. Qxg8+ Kxg8 33. Rxg7+ Kf8 34. d8=Q+ Re8 35. Rg8+ 1-0

[Event "Late-Titled-Tuesday-Blitz-February-27-2024"]
[Site "Chess.com"]
[Date "2024.02.27"]
[Round "5"]
[White "Joachim100x"]
[Black "1g60-1"]
[Result "1-0"]
[WhiteElo "2447"]
[BlackElo "2257"]
[TimeControl "180+1"]
[EndTime "14:55:28 PST"]
[Termination "Joachim100x won by resignation"]

1. e4 e6 2. b3 d5 3. Bb2 dxe4 4.
Nc3 Nf6 5. Qe2 Be7 6. Nxe4 O-O 7. O-O-O a5 8. g4 a4 9. Kb1 c6 10. h4 axb3 11. cxb3 Qa5 12. a4 b5 13. Nxf6+ Bxf6 14. Bxf6 gxf6 15. Qe4 bxa4 16. Bd3 f5 17. Qf4 f6 18. b4 Qd5 19. Bc2 Qxh1 20. gxf5 Qg2 21. fxe6 Bxe6 22. Nf3 Kh8 23. Rg1 Qxf2 24. Qh6 Rf7 25.
Bxh7 Qxg1+ 26. Nxg1 Rxh7 27. Qf8+ Bg8 28. Qxf6+ Rg7 29. h5 Nd7 30. Qc3 Bh7+ 31. Ka1 Kg8 32. Nf3 a3 33. h6 Rg3 34. Qc4+ Kh8 35. Qd4+ Kg8 36. Qxd7 Rf8 37. Qe6+ Kh8 38. Qe5+ 1-0

[Event "Late-Titled-Tuesday-Blitz-February-27-2024"]
[Site "Chess.com"]
[Date "2024.02.27"]
[Round "5"]
[White "Binary010"]
[Black "Rawnsdale"]
[Result "1-0"]
[WhiteElo "2815"]
[BlackElo "2515"]
[TimeControl "180+1"]
[EndTime "14:55:29 PST"]
[Termination "Binary010 won on time"]

1. Nf3 d5 2. g3 e6 3. Bg2 Be7 4. O-O Nf6 5. c4 O-O 6. b3 Nbd7 7. Bb2 c6 8. d4 b6 9. Nbd2 Bb7 10. Rc1 Rc8 11.
Qc2 c5 12. Qb1 dxc4 13. Nxc4 Be4 14. Qa1 Nd5 15. Ncd2 Bxf3 16. Bxf3 N7f6 17. Rfd1 cxd4 18. Bxd4 Rxc1 19. Rxc1 Bb4 20. Nc4 Qe7 21. Bxd5 exd5 22. Ne3 Bd2 23. Bxf6 Qxf6 24. Nxd5 Qg5 25. Rd1 Qxd5 26.
Qb2 Rd8 27. Qc2 h6 28. h4 a5 29. a4 Qd6 30. e3 Qd3 31. Qc7 Rd7 32. Qxb6 Qe2 33. Rf1 1-0

[Event "Late-Titled-Tuesday-Blitz-February-27-2024"]
[Site "Chess.com"]
[Date "2024.02.27"]
[Round "5"]
[White "tteshan"]
[Black "Supelyel"]
[Result "1-0"]
[WhiteElo "2596"]
[BlackElo "2442"]
[TimeControl "180+1"]
[EndTime "14:55:29 PST"]
[Termination "tteshan won by resignation"]

1. d4 d6 2. c4 Nf6 3. Nc3 Nbd7 4.
e4 e5 5. d5 Be7 6. Bd3 O-O 7.
Nge2 a5 8. O-O Nc5 9. Bc2 c6 10.
f3 cxd5 11. cxd5 Bd7 12. Be3 b6 13. Kh1 Qe8 14. b3 h6 15. Qd2 Nh7 16. g3 Bg5 17. f4 exf4 18. gxf4 Bf6 19. Bd4 Bxd4 20. Nxd4 b5 21.
Rae1 b4 22. Nd1 Nf6 23. Qg2 Qc8 24. Rg1 Nh5 25. Ne3 Kh8 26. Nef5 Nb7 27. Bd1 Bxf5 28. Nxf5 g6 29. Bxh5 Rg8 30. Ne7 Qf8 31. Nxg8 Qxg8 32.
Qb2+ Qg7 33. Qxg7+ Kxg7 1-0

[Event "Late-Titled-Tuesday-Blitz-February-27-2024"]
[Site "Chess.com"]
[Date "2024.02.27"]
[Round "5"]
[White "bancsoo"]
[Black "TomsKantans"]
[Result "1-0"]
[WhiteElo "2897"]
[BlackElo "2670"]
[TimeControl "180+1"]
[EndTime "14:55:30 PST"]
[Termination "bancsoo won on time"]

1. Nf3 c5 2. c4 Nc6 3. Nc3 e5 4. g3 g6 5. Bg2 Bg7 6. O-O Nge7 7. a3 d6 8. Rb1 a5 9. d3 O-O 10. Bd2 Be6 11. Ng5 Bd7 12. Nd5 Rb8 13. b4 axb4 14.
axb4 Nxb4 15. Nxb4 cxb4 16. Bxb4 Nc6 17. Ne4 Nxb4 18.
Rxb4 Bc6 19. Nc3 Qa5 20. Qb3 Ra8 21. Rb1 h5 22. Rb6 Rfc8 23. Nd5 Bf8 24. h4 Qa2 25. Bf3 Qd2 26. Qb2 Qxb2 27. R1xb2 Ra1+ 28. Kg2 Kg7 29. Nb4 e4 30. dxe4 Rc1 31. Nxc6 bxc6 32. Rb7 Rxc4 33.
Rd7 Kg8 34. Rbb7 f6 35. Rf7 1-0

[Event "Late-Titled-Tuesday-Blitz-February-27-2024"]
[Site "Chess.com"]
[Date "2024.02.27"]
[Round "5"]
[White "HeinichessPY"]
[Black "giomar27"]
[Result "1-0"]
[WhiteElo "2249"]
[BlackElo "2395"]
[TimeControl "180+1"]
[EndTime "14:55:31 PST"]
[Termination "HeinichessPY won by resignation"]

1. c4 b6 2. Nf3 Bb7 3. Nc3 c5 4. d4 cxd4 5. Nxd4 e6 6. e4 Nf6 7. f3 Bb4 8. Be2 d5 9. Qa4+ Nc6 10. Nxc6 Bxc3+ 11. bxc3 Qd7 12. cxd5 exd5 13. Bb5 a6 14. Ne5 Qxb5 15. Qxb5+ axb5 16. Bg5 dxe4 17. fxe4 Nxe4 18. Be3 O-O 19. O-O Nxc3 20. Bxb6 Nd5 21. Bc5 Rfc8 22.
Rxf7 Rxc5 23. Rxb7 Ne3 24. Nd3 Rc2 25. Ne1 Re2 26.
Rc1 h6 27. Rcc7 Rxe1+ 28. Kf2 Rf1+ 29. Kxe3 Ra3+ 30. Ke2 Rf5 31. Rxg7+ Kf8 32. Rh7 Rxa2+ 33. Ke3 Ra3+ 34. Ke4 1-0

[Event "Late-Titled-Tuesday-Blitz-February-27-2024"]
[Site "Chess.com"]
[Date "2024.02.27"]
[Round "5"]
[White "GMVignirVatnar"]
[Black "Jospem"]
[Result "0-1"]
[WhiteElo "2722"]
[BlackElo "3074"]
[TimeControl "180+1"]
[EndTime "14:55:33 PST"]
[Termination "Jospem won by checkmate"]

1. d4 Nf6 2. c4 e6 3. g3 Bb4+ 4. Nd2 O-O 5. Bg2 d6 6. Nf3 Qe7 7. O-O Bxd2 8. Bxd2 e5 9. Qc2 Re8 10.
e4 Bg4 11. d5 Bxf3 12. Bxf3 a5 13. b3 Nbd7 14. a3 Nf8 15. b4 axb4 16. axb4 Ng6 17.
c5 b6 18. Be3 bxc5 19. bxc5 Reb8 20. Rfb1 Qd8 21. c6 Rxb1+ 22. Qxb1 Rxa1 23. Qxa1 Ne8 24. h4 Ne7 25. Qb1 h6 26. Kg2 Kh7 27. h5 f5 28.
exf5 Nf6 29. Be4 Qg8 30. f3 Nexd5 31. Ba7 Nc3 32. Qc2 Ncxe4 33. fxe4 d5 34. Qc3 d4 35. Qa5 Qc4 36. Qxc7 Qe2+ 37. Kh3 Qf1+ 38. Kh2 Ng4# 0-1

[Event "Late-Titled-Tuesday-Blitz-February-27-2024"]
[Site "Chess.com"]
[Date "2024.02.27"]
[Round "5"]
[White "Aleksandar-Topalov"]
[Black "yaguigor"]
[Result "0-1"]
[WhiteElo "2371"]
[BlackElo "2628"]
[TimeControl "180+1"]
[EndTime "14:55:33 PST"]
[Termination "yaguigor won by resignation"]

1. b3 d5 2. Bb2 Bg4 3. g3 c6 4. Bg2 Nd7 5. Nf3 Ngf6 6. O-O e6 7. d3 Bd6 8. Nbd2 O-O 9. e4 e5 10. exd5 cxd5 11. Re1 Re8 12. h3 Bxf3 13. Nxf3 Qc7 14. c4 e4 15. dxe4 dxe4 16. Nd4 Be5 17. Nb5 Qc6 18.
Bxe5 Nxe5 19. Qd6 Rad8 20. Qxc6 bxc6 21. Nxa7 Rd7 22. Nxc6 Nxc6 23. Re3 Nd4 24. Rc1 Nf5 25. Re2 Nd4 26. Re3 Kf8 27. Kf1 h5 28. c5 Nc6 29.
Rc4 Rd1+ 30. Ke2 Ra1 31. Bxe4 Rxa2+ 32. Kf1 Nxe4 33. Rexe4 Rxe4 34. Rxe4 Rb2 35. Re3 Rc2 0-1

[Event "Late-Titled-Tuesday-Blitz-February-27-2024"]
[Site "Chess.com"]
[Date "2024.02.27"]
[Round "5"]
[White "Nouali_Mohamed"]
[Black "Hui_Li_Macau"]
[Result "1-0"]
[WhiteElo "2525"]
[BlackElo "2360"]
[TimeControl "180+1"]
[EndTime "14:55:33 PST"]
[Termination "Nouali_Mohamed won by resignation"]

1. e4 e5 2. Bc4 Nf6 3. Nc3 Nc6 4. d3 Na5 5. Qf3 Nxc4 6. dxc4 d6 7. h3 Be7 8. Nge2 Be6 9. b3 c6 10. Bb2 Qa5 11. O-O-O a6 12. Qg3 O-O 13. f4 exf4 14. Nxf4 Nh5 15. Nxh5 Qxh5 16. Kb1 Qg6 17. Qf3 b5 18.
Ne2 bxc4 19. Nf4 Qh6 20. g4 cxb3 21. axb3 a5 22. h4 g6 23. g5 Bxg5 24. hxg5 Qxg5 25. Rxh7 1-0

[Event "Late-Titled-Tuesday-Blitz-February-27-2024"]
[Site "Chess.com"]
[Date "2024.02.27"]
[Round "5"]
[White "elchacal664"]
[Black "GoValya"]
[Result "1-0"]
[WhiteElo "2422"]
[BlackElo "2256"]
[TimeControl "180+1"]
[EndTime "14:55:34 PST"]
[Termination "elchacal664 won by checkmate"]

1. Nf3 Nf6 2. c4 c5 3. b3 g6 4.
Bb2 Bg7 5. e3 O-O 6. Be2 Nc6 7.
O-O d5 8. cxd5 Nxd5 9. Bxg7 Kxg7 10. Qc2 b6 11. a3 Bb7 12. Nc3 Nf6 13. d3 Rc8 14. Qb2 Kg8 15. b4 cxb4 16. axb4 Qd6 17.
Nb5 Qxb4 18. Qxb4 Nxb4 19. Rxa7 Bxf3 20. Bxf3 Nxd3 21. Rxe7 Rfe8 22. Rb7 Re6 23. Nd4 Rd6 24. h4 Nc5 25. Ra7 h5 26. Rb1 Nfe4 27. Bxe4 Nxe4 28. Rb7 Kg7 29. f3 Nc3 30. R1xb6 Rxb6 31. Rxb6 Nd5 32.
Rb3 Kf6 33. Ne2 Rc2 34. Kf2 Ra2 35. g3 Ke6 36. e4 Nf6 37. Ke3 Nd7 38. Nd4+ Ke7 39. f4 Nc5 40. Rc3 Nd7 41. e5 Rg2 42. Kf3 Ra2 43. Nc6+ Ke6 44. Rd3 Nc5 45. Rd6+ Kf5 46.
Rf6# 1-0

[Event "Late-Titled-Tuesday-Blitz-February-27-2024"]
[Site "Chess.com"]
[Date "2024.02.27"]
[Round "5"]
[White "TanitoluwaAps116"]
[Black "GothamChess"]
[Result "1-0"]
[WhiteElo "2899"]
[BlackElo "2677"]
[TimeControl "180+1"]
[EndTime "14:55:35 PST"]
[Termination "TanitoluwaAps116 won by resignation"]

1. e4 d5 2. exd5 Qxd5 3. Nc3 Qa5 4. d4 Nf6 5. Nf3 Bf5 6. Ne5 c6 7. Bc4 e6 8. g4 Bg6 9. h4 Nbd7 10. Nxd7 Nxd7 11.
Bd2 h5 12. Qe2 Bb4 13. O-O-O O-O-O 14. a3 Bxa3 15. Nd5 Qa4 16. Bb3 Qxd4 17. Bc3 Qxg4 18.
f3 Qf5 19. Ne3 Qc5 20. Bd4 Qa5 21. Nc4 Bxb2+ 22. Kxb2 Qc7 23. Bxa7 b5 24. Nd6+ 1-0

[Event "Late-Titled-Tuesday-Blitz-February-27-2024"]
[Site "Chess.com"]
[Date "2024.02.27"]
[Round "5"]
[White "Mr_Heisenberg13"]
[Black "DishonorOnYourCow"]
[Result "1-0"]
[WhiteElo "2827"]
[BlackElo "2592"]
[TimeControl "180+1"]
[EndTime "14:55:38 PST"]
[Termination "Mr_Heisenberg13 won by resignation"]

1. e4 c5 2. Nf3 d6 3. d4 cxd4 4. Nxd4 Nf6 5. Nc3 a6 6. Bd2 e5 7. Nf5 d5 8. Qf3 d4 9. Nd5 Bxf5 10. Nxf6+ Qxf6 11. exf5 Qc6 12. Qxc6+ Nxc6 13. Bd3 Bd6 14. Be4 O-O-O 15. Ke2 Kc7 16. c3 g6 17. Rac1 gxf5 18.
Bxf5 Rde8 19. Be4 Kb6 20. g4 h5 21. h3 hxg4 22. hxg4 Reg8 23. Rh5 dxc3 24. bxc3 Rc8 25. Rch1 Rhg8 26. f3 Na5 27. Rf5 Rgf8 28. Rh7 f6 29. Rh6 Be7 30. g5 Nc4 31. gxf6 Bc5 32. Bc1 Ka5 33. f7 Nd6 34. Rxe5 Nxe4 35. fxe4 b5 36. Ree6 b4 37. c4 Ra8 38. Rhf6 Bd4 39.
Rf5+ Ka4 40. Bh6 b3 41. axb3+ Kxb3 42. Bxf8 Rxf8 43. Re8 1-0

[Event "Late-Titled-Tuesday-Blitz-February-27-2024"]
[Site "Chess.com"]
[Date "2024.02.27"]
[Round "5"]
[White "lucasmito"]
[Black "sotochess"]
[Result "0-1"]
[WhiteElo "2837"]
[BlackElo "2658"]
[TimeControl "180+1"]
[EndTime "14:55:41 PST"]
[Termination "sotochess won on time"]

1. e4 d5 2. exd5 Qxd5 3. Nc3 Qa5 4. Nf3 Nf6 5. d4 c6 6. Bc4 Bg4 7. Bd2 Nbd7 8. Qe2 Qb6 9. O-O-O Bxf3 10. Qxf3 Qxd4 11. Bb3 Nc5 12. Be3 Nxb3+ 13. axb3 Qg4 14. Qxg4 Nxg4 15. Bd4 e6 16. h3 Nf6 17. Rhe1 Be7 18. g4 a6 19. f4 O-O-O 20. f5 Rd6 21. Bxf6 Rxd1+ 22. Nxd1 Bxf6 23. fxe6 fxe6 24. Rxe6 h5 25. Nc3 hxg4 26. hxg4 Rh1+ 27. Kd2 Kd7 28. Re4 Rg1 29.
Ne2 Rb1 30. Nc3 Rf1 31. b4 Kd6 32. b3 Rf2+ 33. Ne2 Bg5+ 34. Kd3 Rf3+ 35. Kc4 b5+ 36. Kd4 Bf6+ 37. Re5 Bxe5+ 38. Ke4 Rf2 0-1

[Event "Late-Titled-Tuesday-Blitz-February-27-2024"]
[Site "Chess.com"]
[Date "2024.02.27"]
[Round "5"]
[White "PepeCuenca"]
[Black "tandaleo"]
[Result "1-0"]
[WhiteElo "2713"]
[BlackElo "2497"]
[TimeControl "180+1"]
[EndTime "14:55:42 PST"]
[Termination "PepeCuenca won by resignation"]

1. d4 d5 2. Bf4 Nf6 3. e3 e6 4. Nf3 Bd6 5. Ne5 b6 6. Nd2 Bb7 7. Bd3 O-O 8. Qf3 h6 9. h4 Nbd7 10. g4 Bxe5 11. dxe5 Ne4 12. Nxe4 dxe4 13. Bxe4 Bxe4 14.
Qxe4 Nc5 15. Qc6 Qe7 16. O-O-O Rad8 17. g5 h5 18. Rd4 g6 19. Rhd1 a5 20. Bg3 Na6 21. a3 Rxd4 22. Rxd4 Rd8 23. f4 Nc5 24. Be1 Rd7 25. b4 axb4 26. axb4 Rxd4 27. exd4 Na6 28. Qa8+ 1-0

[Event "Late-Titled-Tuesday-Blitz-February-27-2024"]
[Site "Chess.com"]
[Date "2024.02.27"]
[Round "5"]
[White "kripri"]
[Black "Boorchess"]
[Result "0-1"]
[WhiteElo "2348"]
[BlackElo "2526"]
[TimeControl "180+1"]
[EndTime "14:55:43 PST"]
[Termination "Boorchess won by checkmate"]

1. e4 e5 2. Nf3 Nf6 3. Nxe5 d6 4. Nf3 Nxe4 5. d4 d5 6. Bd3 Be7 7. O-O Nc6 8. c3 Bg4 9. Re1 f5 10. Be2 O-O 11. Nbd2 Bd6 12. Nf1 Qf6 13. Ne3 Ne7 14. h3 Bxh3 15. gxh3 Qg6+ 16. Kf1 Nxf2 17. Kxf2 Qg3+ 18.
Kf1 Qxh3+ 19. Ng2 Bg3 20. Kg1 f4 21. Rf1 Nf5 22. Qd3 Rae8 23. Bd2 Ne3 24. Bxe3 fxe3 25. Nge1 Rf4 26. Qc2 Rg4 27. Ng2 Bh2+ 28. Nxh2 Qxg2# 0-1

[Event "Late-Titled-Tuesday-Blitz-February-27-2024"]
[Site "Chess.com"]
[Date "2024.02.27"]
[Round "5"]
[White "Kirill_Klukin"]
[Black "djano"]
[Result "1-0"]
[WhiteElo "2841"]
[BlackElo "2587"]
[TimeControl "180+1"]
[EndTime "14:55:44 PST"]
[Termination "Kirill_Klukin won by resignation"]

1. f4 d5 2. Nf3 Nf6 3. g3 c5 4. Bg2 Nc6 5. O-O g6 6. d3 Bg7 7. Nc3 O-O 8. e4 dxe4 9. dxe4 Qxd1 10. Rxd1 e5 11. fxe5 Ng4 12. Nd5 Ngxe5 13. c3 Bg4 14. Rf1 Nxf3+ 15. Bxf3 Bxf3 16. Rxf3 Ne5 17. Rf1 Rae8 18.
Bg5 Re6 19. Rad1 Nc6 20. Nf6+ Kh8 21. Nd7 Rfe8 22. Rxf7 b6 23. Bf6 Bxf6 24. Nxf6 R6e7 25. Rxh7+ Rxh7 26. Nxe8 Re7 27. Nd6 Ne5 28. Rd5 Kg7 29. Kg2 Ng4 30. Rg5 Ne3+ 31. Kf3 Nd1 32. Nf5+ Kf6 33.
Rxg6+ Kxg6 34. Nxe7+ Kf6 35. Nd5+ Ke5 36. b3 b5 37. h4 a5 38. h5 b4 39. cxb4 c4 40.
bxc4 1-0

[Event "Late-Titled-Tuesday-Blitz-February-27-2024"]
[Site "Chess.com"]
[Date "2024.02.27"]
[Round "5"]
[White "Laico"]
[Black "JulbeNn"]
[Result "0-1"]
[WhiteElo "2385"]
[BlackElo "2539"]
[TimeControl "180+1"]
[EndTime "14:55:44 PST"]
[Termination "JulbeNn won on time"]

1. e4 c5 2. Nc3 Nc6 3. f4 g6 4. Nf3 Bg7 5. Bb5 Nd4 6. O-O Nxb5 7. Nxb5 a6 8. Nc3 b5 9. d3 Bb7 10. Qe1 b4 11. Nd5 Bxd5 12. exd5 d6 13. f5 Nf6 14. Ng5 Qd7 15. Bf4 Nxd5 16. fxg6 hxg6 17. Qe4 Bd4+ 18. Kh1 Qf5 19. Nxf7 Qxf7 20. Bxd6 Bf6 21. Bxe7 Qxe7 22.
Qxd5 Rd8 23. Qc6+ Kf7 24. Qxa6 Qd6 25. Qc4+ Kg7 26. h3 Rh4 27. Qb5 Rf4 28. Qb7+ Kh6 29. Rfe1 Rf8 0-1

[Event "Late-Titled-Tuesday-Blitz-February-27-2024"]
[Site "Chess.com"]
[Date "2024.02.27"]
[Round "5"]
[White "Sargsyan_Shant"]
[Black "nihalsarin"]
[Result "0-1"]
[WhiteElo "2913"]
[BlackElo "3189"]
[TimeControl "180+1"]
[EndTime "14:55:45 PST"]
[Termination "nihalsarin won by resignation"]

1. c4 c5 2. Nf3 Nf6 3. Nc3 d5 4.
cxd5 Nxd5 5. g3 Nc6 6. Bg2 g6 7. h4 Bg7 8. h5 Bf5 9. Qb3 Ndb4 10. d3 c4 11. Qa4 cxd3 12. O-O Bxc3 13. bxc3 dxe2 14.
cxb4 exf1=Q+ 15. Bxf1 Qd5 16. b5 Qxf3 17. Bg2 Qc3 18.
bxc6 O-O 19. cxb7 Rad8 20. Kh2 Qxa1 21. Qa3 Qe5 22. Bb2 Qe1 23. Qxa7 Rd1 24. g4 Qg1+ 25.
Kg3 Rd3+ 26. Kf4 Qh2+ 27. Kg5 f6+ 0-1

[Event "Late-Titled-Tuesday-Blitz-February-27-2024"]
[Site "Chess.com"]
[Date "2024.02.27"]
[Round "5"]
[White "CrushingKings"]
[Black "Alex_Sahakyan2006"]
[Result "0-1"]
[WhiteElo "2624"]
[BlackElo "2815"]
[TimeControl "180+1"]
[EndTime "14:55:45 PST"]
[Termination "Alex_Sahakyan2006 won by resignation"]

1. Nf3 d5 2. g3 Bg4 3. Bg2 Nd7 4.
h3 Bxf3 5. Bxf3 Ngf6 6. d4 e6 7. O-O c6 8. b3 Bd6 9. Bb2 O-O 10.
Nd2 e5 11. dxe5 Bxe5 12. c3 Re8 13. Qc2 Qb6 14. Rad1 Bxg3 15. c4 Be5 16. Bg2 Bxb2 17. Qxb2 Rxe2 18. cxd5 cxd5 19. Qc3 Rae8 20. Qd3 Nc5 21.
Qf5 Qe6 22. Qc2 Nce4 23. Qd3 Nxd2 24. Rxd2 Rxd2 25. Qxd2 Rd8 26. Rd1 d4 27. Qb4 d3 28.
Qxb7 d2 29. Qf3 Qe1+ 30. Bf1 h5 31. Kg2 Ne4 32. Be2 Nc3 33. Qxc3 Qxe2 34. Qf3 Qe5 35.
Qg3 Qe1 36. Qf3 Rd6 37. h4 Rg6+ 38. Kh3 Rg1 0-1

[Event "Late-Titled-Tuesday-Blitz-February-27-2024"]
[Site "Chess.com"]
[Date "2024.02.27"]
[Round "5"]
[White "Jahonas"]
[Black "GiorgianBarbosa"]
[Result "0-1"]
[WhiteElo "2367"]
[BlackElo "2529"]
[TimeControl "180+1"]
[EndTime "14:55:45 PST"]
[Termination "GiorgianBarbosa won by resignation"]

1. e4 c5 2. Nf3 d6 3. d4 cxd4 4. Qxd4 Nf6 5. e5 dxe5 6. Qxd8+ Kxd8 7. Nxe5 Ke8 8. Bc4 e6 9. Nc3 Nfd7 10. Bf4 Bb4 11.
O-O-O Bxc3 12. bxc3 Nxe5 13. Bxe5 f6 14. Bxb8 Rxb8 15. Rhe1 Ke7 16. f4 Re8 17. Re3 Bd7 18. Kb2 Rbd8 19. Rde1 Kd6 20. g3 e5 21. Rd3+ Kc7 22.
Rde3 exf4 23. gxf4 Rxe3 24. Rxe3 Re8 25. Rxe8 Bxe8 26.
Bd3 h6 27. c4 g5 28. fxg5 fxg5 29. Kc3 b6 30. Kd4 Kd6 31. Be4 h5 32. a3 g4 33. c3 h4 34. Bf5 g3 35. hxg3 hxg3 36. Ke3 Bc6 37. Bd3 Kc5 38. Be2 g2 39. Kf2 Be4 40. Ke3 g1=Q+ 0-1

[Event "Late-Titled-Tuesday-Blitz-February-27-2024"]
[Site "Chess.com"]
[Date "2024.02.27"]
[Round "5"]
[White "dosto07"]
[Black "QuintilianoR"]
[Result "0-1"]
[WhiteElo "2505"]
[BlackElo "2748"]
[TimeControl "180+1"]
[EndTime "14:55:46 PST"]
[Termination "QuintilianoR won by resignation"]

1. e4 c5 2. Nf3 d6 3. Bb5+ Bd7 4.
Bxd7+ Nxd7 5. O-O Ngf6 6. Qe2 e6 7. c3 Be7 8. d4 O-O 9. Rd1 Rc8 10. Bg5 Ne8 11.
Bf4 a6 12. Nbd2 cxd4 13. cxd4 Qb6 14. Nc4 Qb5 15. Rdc1 Nb6 16. b3 Nxc4 17. bxc4 Qd7 18. Rab1 Nf6 19. e5 dxe5 20. Bxe5 Rfd8 21. Rc3 b5 22. c5 Nd5 23. Ra3 f6 24. Bg3 Rc6 25. Re1 Bf8 26. Rb3 b4 27. h4 a5 28. Nh2 Nc3 29. Rxc3 bxc3 30. Nf3 Qd5 31. Qc2 e5 32. dxe5 Qxc5 33. e6 Qd5 34. e7 Bxe7 35. Rxe7 Qd1+ 36.
Qxd1 Rxd1+ 37. Kh2 c2 38. Bf4 c1=Q 39. Bxc1 Rdxc1 40. h5 Rc7 41. Re4 Kf7 42. Ra4 R1c5 43. h6 g6 44. Kg3 Rb7 45. Rd4 g5 46. Rd6 Kg6 47.
Nd4 Rc3+ 48. f3 Rd3 49. Nf5 Rxd6 50. Nxd6 Rb2 51. a4 Rb4 52. Ne4 Rxa4 53. Nc5 Rc4 54. Ne6 a4 0-1

[Event "Late-Titled-Tuesday-Blitz-February-27-2024"]
[Site "Chess.com"]
[Date "2024.02.27"]
[Round "5"]
[White "HansOnTwitch"]
[Black "GmSergioBarrientos"]
[Result "1-0"]
[WhiteElo "3079"]
[BlackElo "2726"]
[TimeControl "180+1"]
[EndTime "14:55:47 PST"]
[Termination "HansOnTwitch won by resignation"]

1. e4 c5 2. Nf3 e6 3. b3 Nc6 4. Bb2 Nf6 5. e5 Nd5 6. g3 d6 7. exd6 Bxd6 8. Bxg7 Rg8 9. Bb2 b6 10. Bg2 Bb7 11. O-O Qc7 12. c4 Nde7 13. Nc3 a6 14. d4 cxd4 15. Nxd4 Nxd4 16. Qxd4 Bc5 17. Qf6 Rg6 18. Qh8+ Rg8 19. Qxh7 O-O-O 20. Qxf7 Bxg2 21.
Qxe6+ Kb8 22. Kxg2 Ng6 23. Nd5 Qh7 24. Qh3 Qf7 25.
Rae1 Rxd5 26. Bc1 Rf5 27. Re2 Rh8 28. Qg4 Rg8 29. Qe4 Ka7 30. f4 Rh5 31. f5 Nh4+ 32.
Kh1 Rxf5 33. Rxf5 Nxf5 34. Bf4 Nd4 35. Re3 a5 36. a3 Qd7 37. Rd3 Re8 38. Qd5 Re1+ 39.
Kg2 Re2+ 40. Kh1 Qh7 41. h4 Re7 42. Re3 Qb1+ 43. Kg2 Qc2+ 44. Kh3 Rf7 45. Qxf7+ Ka6 46. Re8 1-0

[Event "Late-Titled-Tuesday-Blitz-February-27-2024"]
[Site "Chess.com"]
[Date "2024.02.27"]
[Round "5"]
[White "MeisterJabo"]
[Black "Roberz12"]
[Result "1-0"]
[WhiteElo "2473"]
[BlackElo "2592"]
[TimeControl "180+1"]
[EndTime "14:55:48 PST"]
[Termination "MeisterJabo won by checkmate"]

1. c4 g6 2. g3 Bg7 3. Bg2 c5 4. Nc3 Nc6 5. a3 Nf6 6. Rb1 O-O 7. b4 cxb4 8. axb4 d6 9. Nf3 a5 10. b5 Nb4 11. O-O e5 12. Ba3 Bf5 13. Rb2 Qc7 14.
Bxb4 axb4 15. Rxb4 Qc5 16. Qb3 Rab8 17. d3 Be6 18.
Ng5 Bg4 19. Nce4 Nxe4 20. Nxe4 Qc7 21. b6 Qe7 22. Re1 f5 23. Nc3 f4 24. c5+ Kh8 25. Nd5 Qd8 26. cxd6 Qxd6 27. Be4 fxg3 28. hxg3 Rfd8 29.
f3 Be6 30. Rb5 Bh6 31. Kg2 Be3 32. Rh1 Kg7 33. Qb2 Bd4 34. Qc1 Qc6 35. Qh6+ Kf7 36. Qxh7+ Kf8 37. Qe7+ Kg8 38. Nf6# 1-0

[Event "Late-Titled-Tuesday-Blitz-February-27-2024"]
[Site "Chess.com"]
[Date "2024.02.27"]
[Round "5"]
[White "Resignify"]
[Black "TheMagician"]
[Result "0-1"]
[WhiteElo "2244"]
[BlackElo "2140"]
[TimeControl "180+1"]
[EndTime "14:55:53 PST"]
[Termination "TheMagician won on time"]

1. e4 Nf6 2. Nc3 e5 3. Nf3 Nc6 4. Bb5 d6 5. d4 exd4 6. Nxd4 Bd7 7. O-O Nxd4 8. Qxd4 Bxb5 9. Nxb5 a6 10. Nc3 Be7 11.
Re1 O-O 12. Bg5 h6 13. Bh4 Re8 14. f3 Qc8 15. Rad1 Qe6 16. b3 b5 17. Qd3 Rac8 18.
Ne2 d5 19. exd5 Nxd5 20. Bxe7 Nxe7 21. Nf4 Qf6 22. Qd2 Red8 23. Qxd8+ Rxd8 24. Rxd8+ Kh7 25. g3 Nc6 26. Rd3 Qb2 27. Re2 Nd4 28. Rf2 Nxc2 29. Kg2 Ne1+ 0-1